 Dungeon Crawl Stone Soup version 0.29-a0-197-ge3fb4bd5a4 (webtiles) character file.

Game seed: 12200524055270204640

79 Hasart the Sneak (level 4, -5/30 HPs)
             Began as a Vampire Enchanter on Feb 23, 2022.
             Was an Initiate of Hepliaklqana.
             Slain by a hornet (12 damage)
             ... on level 3 of the Dungeon.
             The game lasted 00:03:22 (2446 turns).

Hasart the Sneak (Vampire Enchanter)                Turns: 2446, Time: 00:03:24

Health: -5/30      AC:  2    Str:  7    XL:     4   Next: 17%
Magic:  5/7        EV: 12    Int: 19    God:    Hepliaklqana [......]
Gold:   208        SH:  0    Dex: 14    Spells: 5/7 levels left

rFire   . . .      SeeInvis +   h - +2 dagger (drain)
rCold   . . .      Faith    .   (no shield)
rNeg    . . .      Spirit   .   b - +0 robe
rPois   .          Reflect  .   (no helmet)
rElec   .          Harm     .   (no cloak)
rCorr   .          Rampage  .   (no gloves)
Will    .....                   (no boots)
Stlth   +++.......              (no amulet)
HPRegen 0.30/turn               f - ring of wizardry
MPRegen 0.10/turn               (no ring)

@: lethally poisoned (-5 -> -12), healing quickly, slowed, very slow
A: alive, fangs 3, see invisible, vampiric 2
a: Exsanguinate, Renounce Religion


You were on level 3 of the Dungeon.
You worshipped Hepliaklqana.
Hepliaklqana was noncommittal.
You visited 2 branches of the dungeon, and saw 5 of its levels.

You collected 208 gold pieces.

Inventory:

Hand Weapons
 h - a +2 dagger of draining (weapon)
Armour
 b - a +0 robe (worn)
Jewellery
 f - a ring of wizardry (left hand)
Wands
 o - a wand of paralysis (9)
Scrolls
 a - a scroll of noise {unknown}
 e - 4 scrolls of identify {unknown}
 g - 3 scrolls of immolation {unknown}
 j - 2 scrolls of enchant armour {unknown}
 l - 2 scrolls of vulnerability {unknown}
 m - a scroll of fear {unknown}
 p - a scroll of blinking {unknown}
Potions
 c - 4 potions of invisibility
 d - 2 potions of flight {unknown}
 i - a potion of curing {unknown}
 k - a potion of mutation {unknown}
 n - a potion of lignification {unknown}


   Skills:
 * Level 2.6 Short Blades
 + Level 2.7 Dodging
 + Level 5.0 Stealth
 + Level 2.4 Spellcasting
 + Level 4.9 Hexes
 + Level 0.9 Ice Magic


You had 5 spell levels left.
You knew the following spells:

 Your Spells              Type           Power      Damage    Failure   Level
a - Ensorcelled Hibernat  Hex/Ice        26%        N/A       3%          2

Your spell library contained the following spells:

 Spells                   Type           Power      Damage    Failure   Level
 Slow                     Hex            84%        N/A       1%          1
 Confusing Touch          Hex            21%        N/A       2%          3
 Tukima's Dance           Hex            21%        N/A       2%          3
 Foxfire                  Conj/Fire      8%         2x1d4     6%          1
 Dazzling Flash           Conj/Hex       22%        N/A       8%          3
 Inner Flame              Hex/Fire       11%        N/A       8%          3
 Sublimation of Blood     Necr           2%         N/A       10%         2
 Wereblood                Tmut           2%         N/A       10%         2
 Conjure Flame            Conj/Fire      2%         6-21      19%         3
 Vampiric Draining        Necr           2%         2d6       19%         3
 Flame Wave               Conj/Fire      2%         2d4       52%         4
 Olgreb's Toxic Radiance  Pois           2%         N/A       52%         4
 Ozocubu's Refrigeration  Ice            3%         4d5       100%        7
 Summon Hydra             Summ           1%         N/A       100%        7
 Ignition                 Fire           1%         3d3       100%        8


Dungeon Overview and Level Annotations

Branches:
Dungeon (4/15)             Temple (1/1) D:4

Altars:
Gozag
Hepliaklqana

Shops:
D:2 (


Innate Abilities, Weirdness & Mutations

Your natural rate of healing is accelerated.
You have razor-sharp teeth.
You have supernaturally acute eyesight. (SInv)
You are afflicted with vampirism and can become a bat while bloodless.


Message History

Found a hazy altar of Hepliaklqana.
Found an opulent altar of Gozag.
There is an open door here.
There is a hazy altar of Hepliaklqana here.
You kneel at the altar of Hepliaklqana.
Hepliaklqana welcomes you!
(D) Dungeon (T) Temple
Where to? (Enter - D:3 @ (x,y), ? - help)
There is an open door here.
There is a staircase back to the Dungeon here.
You climb upwards.
Welcome back to the Dungeon!
There is a staircase to the Ecumenical Temple here.
You see here a jackal corpse.
g - 3 scrolls labelled NONKAU FYBIYGRU (gained 1)
A necrophage comes into view.
A necrophage is nearby!
Okay, then.
The hornet buzzes angrily.
There is a stone staircase leading up here.
The hornet closely misses you.
You climb upwards.
There is a stone staircase leading down here.
The hornet stings you!
Keep bloodletting? [Y]es or [N]o only, please.
Keep bloodletting?
You stop emptying yourself of blood.
You feel yourself slow down. The hornet stings you!
You are lethally poisoned!
You feel as though you will be slow longer.
Casting: Ensorcelled Hibernation (safe; 3% risk of failure)
Confirm with . or Enter, or press ? or * to list all spells.
Aiming: Ensorcelled Hibernation (safe; 3% risk of failure)
Press: ? - help, Shift-Dir - straight line, f - hornet
Aim: a hornet (chance to affect: 37%)
The hornet easily resists.
* * * LOW HITPOINT WARNING * * *
You feel very sick. The hornet misses you. The hornet stings you!
You die...

###.......#.######...##
....#####.#.#####.....#####
#########.................#######
#.........#.##......###........
##.#.###...#.##.#...## #########
#....# #............#
#..#.###........##..#
##..##......###.y##..#
....###.#.......@....# #...#
#.#.#.###.####.# ....#
#.#.#.....# #.# #..## #.#.###.###
#.# #..# #.#...#.# #.# #..#
#.###.#.# #.######## #..####.#
#.#.# #........#
#.....#.###.#.#############.#
....#.#.).........(.# #.#


You could see a hornet.

Vanquished Creatures
  3 adders
  2 dart slugs
  An orc (D:3)
  4 bats
  5 endoplasms
  A giant cockroach (D:3)
  4 goblins (D:1)
  3 hobgoblins
  5 jackals
  2 quokkas (D:3)
  3 ball pythons
  7 kobolds
  3 rats
43 creatures vanquished.

Notes
Turn   | Place    | Note
-------+----------+-------------------------------------------
     0 | D:1      | Hasart the Vampire Enchanter began the quest for the Orb.
     0 | D:1      | Reached XP level 1. HP: 13/13 MP: 3/3
   260 | D:1      | Found a faded altar of an unknown god.
   367 | D:1      | Reached XP level 2. HP: 18/19 MP: 5/5
   671 | D:1      | Learned a level 2 spell: Ensorcelled Hibernation
  1031 | D:2      | Gained mutation: You are afflicted with vampirism and can
                  | become a bat while bloodless. [Vampire growth]
  1031 | D:2      | Reached XP level 3. HP: 23/24 MP: 6/6
  1292 | D:2      | Found Pikhletza's Antique Weapon Shop.
  2040 | D:3      | Reached skill level 5 in Stealth
  2040 | D:3      | Reached XP level 4. HP: 30/30 MP: 7/7
  2323 | D:4      | Noticed a hornet
  2371 | D:4      | Found a staircase to the Ecumenical Temple.
  2386 | Temple   | Entered the Ecumenical Temple
  2398 | Temple   | Became a worshipper of Hepliaklqana the Forgotten
  2428 | D:4      | Noticed a necrophage
  2446 | D:3      | Slain by a hornet

Illustrated notes

Levels and vault maps discovered:
D:1:      dpeg_arrival_water_fire, layout_basic,
          chequers_ecumenical_altar_simple_redux
D:2:      layout_loops_ring, serial_shops, nicolae_diamond_shop
D:3:      layout_loops_ring, minmay_misc_feat_tower
D:4:      layout_basic, zin_angel, fedhas_altar_2,
          minmay_temple_entry_sparse_star
Temple:   mainiacjoe_temple_bowtie_tessellation

Skill      XL: |  1  2  3 |
---------------+----------+-----
Short Blades   | 2 |  2.6
Stealth        | 5 |  5.0
Dodging        | |  2.7
Spellcasting   | |  2.4
Hexes          | |  4.9
Ice Magic      | |  0.9

Action                   |  1- 3 |  4- 6 || total
-------------------------+-------+-------++-------
Melee: Dagger            |    76 |     4 ||    80
       Bite              |     5 |       ||     5
 Cast: Ensorcelled Hiber |       |     1 ||     1
 Abil: Exsanguinate      |       |     1 ||     1
 Stab: Sleeping          |     8 |     3 ||    11
Armor: Robe              |    11 |       ||    11
Dodge: Dodged            |    45 |     4 ||    49

Table legend: (Time is in decaauts)
 A = Elapsed time spent in this place.
 B = Non-inter-level travel time spent in this place.
 C = Inter-level travel time spent in this place.
 D = Time resting spent in this place.
 E = Time spent auto-exploring this place.
 F = Levels seen in this place.
 G = Mean time per level.
                   A        B        C        D        E       F      G
               +--------+--------+--------+--------+--------+-----+--------+
         Total |   2442 |   2324 |    118 |      0 |   1947 |   5 |  488.4 |
       Dungeon |   2421 |   2312 |    109 |      0 |   1941 |   4 |  605.2 |
        Temple |     21 |     12 |      9 |      0 |      6 |   1 |   21.0 |
               +--------+--------+--------+--------+--------+-----+--------+

Top non-repeatable levels by time:
     D:1: 920 daAuts
     D:3: 750 daAuts
     D:2: 666 daAuts
     D:4: 83 daAuts
  Temple: 21 daAuts
